 Dungeon Crawl Stone Soup version 0.27-a0-1434-g6f15984924 (webtiles) character file.

Game seed: 16576611718141293682

189 Brandom the Insei (level 5, -4/36 HPs)
             Began as an Octopode Transmuter on July 2, 2021.
             Was a Believer of Dithmenos.
             Slain by a worm (6 damage)
             ... on level 3 of the Dungeon.
             The game lasted 00:06:35 (3302 turns).

Brandom the Insei (Octopode Transmuter)             Turns: 3302, Time: 00:06:36

Health: -4/36      AC:  1    Str:  9    XL:     5   Next: 68%
Magic:  6/8        EV: 13    Int: 17    God:    Dithmenos [**....]
Gold:   56         SH:  0    Dex: 12    Spells: 5/9 levels left

rFire    . . .     SeeInvis .     - Unarmed
rCold    . . .     Faith    .   (no shield)
rNeg     . . .     Spirit   .   (helmet restricted)
rPois    .         Reflect  .   (no amulet)
rElec    .         Harm     .   (no ring)
rCorr    .         Rampage  .   (no ring)
Will     .....                  (no ring)
Stlth    ++++......             (no ring)
HPRegen  0.12/turn              (no ring)
MPRegen  0.11/turn              (no ring)
                                (no ring)
                                (no ring)

@: wreathed by umbra
A: almost no armour, amphibious, 8 rings, camouflage 1, gelatinous body 1,
(nimble swimmer 1), tentacles
a: Renounce Religion, Shadow Step


You were on level 3 of the Dungeon.
You worshipped Dithmenos.
Dithmenos was pleased with you.
You visited 1 branch of the dungeon, and saw 3 of its levels.

You collected 56 gold pieces.

Inventory:

Scrolls
 a - a scroll of vulnerability {unknown}
 d - 3 scrolls of teleportation {unknown}
 i - a scroll of noise {unknown}
Potions
 c - a potion of haste {@q3}
 e - 2 potions of degeneration {!q}
 f - a potion of invisibility
 g - 2 potions of curing {@q1}
 h - 2 potions of heal wounds {@q2}


   Skills:
 * Level 2.8 Fighting
 + Level 2.6 Dodging
 + Level 2.1 Stealth
 + Level 3.3 Unarmed Combat
 + Level 2.5 Spellcasting
 + Level 2.6 Transmutations
 + Level 1.5 Poison Magic
 + Level 1.4 Invocations


You had 5 spell levels left.
You knew the following spells:

 Your Spells              Type           Power      Damage    Failure   Level
a - Beastly Appendage     Tmut           22%        N/A       6%          1
x - Spider Form           Tmut/Pois      4%         N/A       24%         3

Your spell library contained the following spells:

 Spells                   Type           Power      Damage    Failure   Level
 Wereblood                Tmut           11%        N/A       10%         2
 Magic Dart               Conj           8%         1d3       19%         1
 Stone Arrow              Conj/Erth      4%         3d7       50%         3
 Ice Form                 Ice/Tmut       6%         N/A       71%         4
 Lehudib's Crystal Spear  Conj/Erth      1%         10d2      100%        8
 Animate Armour           Summ/Erth      Unusable   N/A       N/A         4

Dungeon Overview and Level Annotations

Branches:
Dungeon (3/15)

Altars:
Dithmenos
Kikubaaqudgha
Sif Muna
Vehumet

Shops:
D:2 [

Annotations:
D:3 Grinder


Innate Abilities, Weirdness & Mutations

You cannot wear most types of armour.
You are amphibious.
You can wear up to eight rings at the same time.
Your skin changes colour to match your surroundings (Stealth+).
Your rubbery body absorbs attacks. (AC +1, EV +1)
((You are camouflaged near water. (Stealth+)))
You have tentacles for arms and can constrict up to eight enemies at once.


Message History

Items here: )) [[ ÷÷.
Found Vehumet's Incunabulum of Conjuration.
Found a radiant altar of Vehumet.
You pick up Vehumet's Incunabulum of Conjuration and begin reading...
You add the spell Magic Dart to your library.
Grinder comes into view.
Found an ancient bone altar of Kikubaaqudgha.
The spell is quite dangerous to cast (24% risk of failure)!
Continue anyway?
You turn into a venomous arachnid creature.
Grinder blinks!
A worm comes into view.
Found a shimmering blue altar of Sif Muna.
Grinder blinks!
You barely miss Grinder.
Your transformation is almost over.
Grinder gestures at you. Pain shoots through your body!
You barely miss Grinder. Grinder hits you!
You writhe in agony.
The worm bites you.
Unknown command.
You hit Grinder. Grinder completely misses you. The worm misses you.
You hit Grinder but do no damage. Grinder hits you!
* * * LOW HITPOINT WARNING * * *
You writhe in agony.
* * * LOW HITPOINT WARNING * * *
Unknown command.
Unknown command.
You barely miss Grinder. Grinder closely misses you. The worm misses you.
You hit Grinder.
Grinder is poisoned.
Grinder misses you.
You hit Grinder.
Grinder looks even sicker.
Grinder misses you. The worm misses you.
You hit Grinder. Grinder hits you.
* * * LOW HITPOINT WARNING * * *
You writhe in agony.
* * * LOW HITPOINT WARNING * * *
You hit Grinder but do no damage.
Grinder looks as sick as possible!
Grinder blinks!
The worm completely misses you.
Unknown command.
You hit the worm but do no damage.
The worm is poisoned.
Grinder blinks!
The worm misses you.
Unknown command.
You hit the worm.
Your transformation has ended.
Unknown command.
You closely miss Grinder. You grab Grinder. You constrict Grinder.
Grinder gestures at you. Pain shoots through your body!
* * * LOW HITPOINT WARNING * * *
The worm bites you.
You die...

#..# #.# #..# #.#
###### #..# #.# 8._.
#..# #.# #... #..####
#.# ##... ##
#.....###.#
#.#.##8###..###.##.#
##...#.§.##.## ##...#
#.#..⌠.@w._##.# #.###
#...#..#5..#..## ##.#
##..###.##8####.###.##
#...#8...### ##...##
#...##...8# ##..#
...##._.## #..#
#.#.#### ####..# #...#
#.....# ##.## #.##)##


You could see Grinder (extremely poisoned) and a worm (very poisoned).

Vanquished Creatures
  Crazy Yiuf (D:2)
  Terence (D:2)
  An orc wizard (D:3)
  3 adders
  3 dart slugs
  2 worms
  2 orcs (D:3)
  9 endoplasms
  2 giant cockroaches
  9 goblins
  9 hobgoblins
  3 quokkas (D:1)
  5 ball pythons
  7 bats
  A frilled lizard (D:1)
  3 kobolds
  5 rats
66 creatures vanquished.

Notes
Turn   | Place    | Note
-------+----------+-------------------------------------------
     0 | D:1      | Brandom the Octopode Transmuter began the quest for the
                  | Orb.
     0 | D:1      | Reached XP level 1. HP: 13/13 MP: 3/3
   209 | D:1      | Reached XP level 2. HP: 10/18 MP: 3/5
   618 | D:1      | Found a faded altar of an unknown god.
   626 | D:1      | Became a worshipper of Dithmenos the Shadowed
   626 | D:1      | Reached * piety under Dithmenos
   817 | D:1      | Reached XP level 3. HP: 22/24 MP: 4/6
   832 | D:1      | Learned a level 3 spell: Spider Form
  1319 | D:2      | Found Cawoju's Armour Emporium.
  1528 | D:2      | Reached skill level 1 in Poison Magic
  1560 | D:2      | Reached skill level 1 in Stealth
  1684 | D:2      | Reached XP level 4. HP: 23/29 MP: 7/7
  1855 | D:2      | Reached ** piety under Dithmenos
  2098 | D:2      | Found a runed translucent door.
  2099 | D:2      | Noticed Crazy Yiuf
  2113 | D:2      | Killed Crazy Yiuf
  2114 | D:2      | Reached skill level 1 in Invocations
  2449 | D:3      | Noticed Terence
  2462 | D:2      | Killed Terence
  2463 | D:2      | Reached XP level 5. HP: 14/35 MP: 1/8
  3280 | D:3      | Found a radiant altar of Vehumet.
  3285 | D:3      | Got Vehumet's Incunabulum of Conjuration
  3287 | D:3      | Found an ancient bone altar of Kikubaaqudgha.
  3287 | D:3      | Noticed Grinder
  3289 | D:3      | Found a shimmering blue altar of Sif Muna.
  3302 | D:3      | Slain by a worm

Illustrated notes

Levels and vault maps discovered:
D:1:      dpeg_arrival_concentric_ovals, layout_rooms,
          ebering_ecumenical_altar_webs, minmay_misc_feat_x, minmay_tetromino_t4
D:2:      layout_loops_ring, serial_shops, nicolae_shop_trees,
          uniq_crazy_yiuf_cottage
D:3:      layout_loops_ring, grunt_temple_overflow_magic_moments, uniq_grinder,
          uniq_terence, uniq_natasha

Skill      XL: |  1  2  3  4  5 |
---------------+----------------+-----
Fighting       | 2 |  2.8
Poison Magic   | 1 |  1.5
Stealth        | 1 2 |  2.1
Invocations    | 1 |  1.4
Dodging        | |  2.6
Unarmed Combat | |  3.3
Spellcasting   | |  2.5
Transmutations | |  2.6

Action                   |  1- 3 |  4- 6 || total
-------------------------+-------+-------++-------
Melee: Unarmed           |    87 |    86 ||   173
       Constrict         |    19 |    16 ||    35
       Kick              |     3 |       ||     3
       Tentacles         |    13 |    12 ||    25
       Punch             |     2 |       ||     2
 Cast: Beastly Appendage |     2 |       ||     2
       Spider Form       |       |     4 ||     4
  Use: Scroll            |       |     5 ||     5
 Stab: Sleeping          |    11 |     7 ||    18
       Distracted        |       |     1 ||     1
Armor: Skin              |     8 |     1 ||     9
Dodge: Dodged            |    50 |    41 ||    91

Table legend: (Time is in decaauts)
 A = Elapsed time spent in this place.
 B = Non-inter-level travel time spent in this place.
 C = Inter-level travel time spent in this place.
 D = Time resting spent in this place.
 E = Time spent auto-exploring this place.
 F = Levels seen in this place.
 G = Mean time per level.
                   A        B        C        D        E       F      G
               +--------+--------+--------+--------+--------+-----+--------+
         Total |   3294 |   3255 |     39 |    344 |   2419 |   3 | 1098.0 |
       Dungeon |   3294 |   3255 |     39 |    344 |   2419 |   3 | 1098.0 |
               +--------+--------+--------+--------+--------+-----+--------+

Top non-repeatable levels by time:
     D:2: 1580 daAuts
     D:1: 1224 daAuts
     D:3: 489 daAuts
